AoeStats
← Fish745

Arabia

510057945Analyzed
1v1 RM · 3d ago on Sep 29, 2026· 24m 27s· 2 players
Game mode
Random Map
Map size
Tiny (2 player)
Population
200
Speed
Normal
Resources
Standard
Victory
Conquest
Starting age
Dark Age
Ending age
Imperial Age
RankedLock teamsTeams togetherTeam positionsShared explorationLock speedFull tech treeHidden civsTurbo modeCheats
Victory
Defeat
🇳🇿 Vietnamese · New Zealand
1416
+16
🇦🇺 Varangians · Australia
1411
-16
roxbilly
6:01 Loom
9:24 Feudal Age
9:54 Double-Bit Axe
14:36 Horse Collar
16:02 Wheelbarrow
16:49 Bloodlines
17:09 Forging
19:51 Fletching
Fish745
7:47 Loom
10:43 Feudal Age
15:40 Castle Age
22:56 Squires
Connection lost

Rejoining the realm…

Still unreachable

The connection could not be restored.

Session expired

The server has moved on; the page needs a fresh start.